 Dungeon Crawl Stone Soup version 0.28-a0-1594-ga885d4b3d6 (webtiles) character file.

Game seed: 5365532350337493031

91 southernslant the Skirmisher (level 4, -3/35 HPs)
             Began as a Demonspawn Fighter on Jan 21, 2022.
             Was an Initiate of Makhleb.
             Killed from afar by Natasha (6 damage)
             ... with a magic dart
             ... on level 2 of the Dungeon.
             The game lasted 00:06:25 (1660 turns).

southernslant the Skirmisher (Demonspawn Fighter)   Turns: 1660, Time: 00:06:26

Health: -3/35      AC:  9    Str: 18    XL:     4   Next: 33%
Magic:  4/4        EV:  9    Int: 10    God:    Makhleb [......]
Gold:   64         SH:  4    Dex: 12    Spells: 3/3 levels left

rFire   . . .      SeeInvis .   a - +0 trident
rCold   . . .      Faith    .   c - +0 buckler
rNeg    . . .      Spirit   .   b - +0 scale mail
rPois   .          Reflect  .   (no helmet)
rElec   .          Harm     .   (no cloak)
rCorr   .          Rampage  .   (no gloves)
Will    .....                   o - +2 pair of boots
Stlth   ..........              (no amulet)
HPRegen 0.11/turn               (no ring)
MPRegen 0.09/turn               (no ring)

@: mighty
A: hooves 1, powered by death 1
a: Renounce Religion


You were on level 2 of the Dungeon.
You worshipped Makhleb.
Makhleb was noncommittal.
You visited 1 branch of the dungeon, and saw 2 of its levels.

You collected 64 gold pieces.

Inventory:

Hand Weapons
 a - a +0 trident (weapon)
Missiles
 f - 47 stones
 i - 3 poisoned darts (quivered)
Armour
 b - a +0 scale mail (worn)
 c - a +0 buckler (worn)
 o - a +2 pair of boots (worn)
Scrolls
 g - 2 scrolls of identify {unknown}
 j - 4 scrolls of teleportation {unknown}
 k - a scroll of enchant weapon {unknown}
Potions
 e - a potion of lignification {unknown}
 h - 2 potions of attraction {unknown}
 l - 2 potions of haste {unknown}
 m - a potion of heal wounds
 n - a potion of curing {unknown}


   Skills:
 + Level 3.2 Fighting
 * Level 2.5 Polearms
 + Level 1.0 Throwing
 + Level 2.9 Armour
 * Level 1.4 Dodging
 + Level 1.0 Stealth
 + Level 3.0 Shields
 * Level 0.6 Invocations


You had 3 spell levels left.
You didn't know any spells.
Your spell library was empty.

Dungeon Overview and Level Annotations

Branches:
Dungeon (2/15)

Altars:
Makhleb

Annotations:
D:2 Natasha


Innate Abilities, Weirdness & Mutations

You have large cloven feet.
You regenerate a little health from kills.


Message History

The puff of frost hits you but does no damage.
Natasha drinks a potion.
Natasha is healed!
The crimson imp blinks!
The white imp closely misses you.
You barely miss the white imp.
Natasha looks more healthy.
The white imp hits you. The white imp freezes you.
The white imp hits you but does no damage.
You puncture the white imp!
The white imp is almost dead.
The white imp hits you but does no damage.
The white imp gestures at you. The puff of frost hits you.
You barely miss the white imp.
The white imp is almost dead.
The white imp gestures at you. The puff of frost hits you.
You closely miss the white imp.
The white imp is almost dead.
The crimson imp disappears in a puff of smoke!
Natasha mumbles some strange words.
The white imp barely misses you. x2
Natasha wildly gestures.
You feel troubled.
Unknown command.
You feel very mighty all of a sudden. The white imp hits you.
The white imp freezes you.
* * * LOW HITPOINT WARNING * * *
The white imp barely misses you.
You barely miss the white imp.
The white imp is almost dead.
You feel yourself speed up. The white imp gestures at you.
The puff of frost hits you.
* * * LOW HITPOINT WARNING * * *
The white imp closely misses you. The white imp gestures at you.
The puff of frost hits you.
* * * LOW HITPOINT WARNING * * *
Natasha stares at you and mumbles some strange words.
The magic dart hits you.
You die...

######.#######.#.#.......#.######
#.# ##.#.#########.# #.#
#..........###.# #.#
#..#.#####.##..# #.#
#..#.#####.....# #.#
#.............†#####
#.######.##.#####.._........
######.#....#.##.# #.....#####.
.........##.#.##@# #.....#
######........##.# ##....#
............#..#.# #####.#
#############..#.# #.....#
...............#.#####.#####
##############.#.h.5.h(((#######.
...# #........######.#.........
...#####.######## #.##########
.........# #...........


You could see Natasha.

Vanquished Creatures
  Natasha (D:2)
  A gnoll (D:2)
  3 worms (D:2)
  An endoplasm (D:1)
  A giant cockroach (D:1)
  5 goblins
  4 hobgoblins
  5 kobolds
  A quokka (D:2)
  6 ball pythons
  9 bats
  2 frilled lizards
  10 rats
49 creatures vanquished.

Notes
Turn   | Place    | Note
-------+----------+-------------------------------------------
     0 | D:1      | southernslant the Demonspawn Fighter began the quest for
                  | the Orb.
     0 | D:1      | Reached XP level 1. HP: 18/18 MP: 1/1
    71 | D:1      | Gained mutation: You regenerate a little health from kills.
                  | [demonic ancestry]
    71 | D:1      | Reached XP level 2. HP: 24/24 MP: 2/2
   165 | D:1      | Found a faded altar of an unknown god.
   794 | D:2      | Reached skill level 1 in Dodging
   794 | D:2      | Discovered your monstrous ancestry.
   794 | D:2      | Gained mutation: You have large cloven feet. [demonic
                  | ancestry]
   794 | D:2      | Reached XP level 3. HP: 29/29 MP: 3/3
  1197 | D:2      | Found a burning altar of Makhleb.
  1206 | D:2      | Became a worshipper of Makhleb the Destroyer
  1438 | D:2      | Noticed Natasha
  1443 | D:2      | Killed Natasha
  1444 | D:2      | Reached skill level 1 in Throwing
  1444 | D:2      | Reached skill level 1 in Stealth
  1444 | D:2      | Reached XP level 4. HP: 33/35 MP: 4/4
  1639 | D:2      | Noticed Natasha
  1660 | D:2      | Killed from afar by Natasha

Illustrated notes

Levels and vault maps discovered:
D:1:      heliophobic_arrival_henge, layout_loops_ring,
          dreamdust_ecumenical_altar_hidden_monk_grotto
D:2:      minmay_diamond_boxcup, layout_basic, basic_altar, uniq_natasha

Skill      XL: |  1  2  3 |
---------------+----------+-----
Polearms       | 2 |  2.5
Dodging        | 1 |  1.4
Throwing       | 1 |  1.0
Stealth        | 1 |  1.0
Shields        | 3 |  3.0
Fighting       | |  3.2
Armour         | |  2.9
Invocations    | |  0.6

Action                   |  1- 3 |  4- 6 || total
-------------------------+-------+-------++-------
Melee: Trident           |   126 |    18 ||   144
       Kick              |    14 |     1 ||    15
Throw: Stone             |     2 |       ||     2
       Dart              |     2 |     3 ||     5
  Use: Potion            |       |     1 ||     1
Armor: Scale mail        |    35 |     7 ||    42
Dodge: Dodged            |    40 |     8 ||    48
Block: Buckler           |    19 |     8 ||    27

Table legend: (Time is in decaauts)
 A = Elapsed time spent in this place.
 B = Non-inter-level travel time spent in this place.
 C = Inter-level travel time spent in this place.
 D = Time resting spent in this place.
 E = Time spent auto-exploring this place.
 F = Levels seen in this place.
 G = Mean time per level.
                   A        B        C        D        E       F      G
               +--------+--------+--------+--------+--------+-----+--------+
         Total |   1717 |   1706 |     11 |      0 |   1343 |   2 |  858.5 |
       Dungeon |   1717 |   1706 |     11 |      0 |   1343 |   2 |  858.5 |
               +--------+--------+--------+--------+--------+-----+--------+

Top non-repeatable levels by time:
     D:2: 1053 daAuts
     D:1: 663 daAuts
